 Dungeon Crawl Stone Soup version 0.25-a0-413-g3b4b6a4ccc (webtiles) character file.

Game seed: 17321252890457947073, levelgen mode: deterministic

56 MisterFreud the Cutter (level 3, -17/35 HPs)
             Began as a Gnoll Chaos Knight on Jan 15, 2020.
             Was a Plaything of Xom.
             Demolished by a deep troll (glowing shapeshifter) (20 damage)
             ... on level 2 of the Dungeon.
             The game lasted 00:01:50 (1273 turns).

MisterFreud the Cutter (Gnoll Chaos Knight)         Turns: 1273, Time: 00:01:50

Health: -17/35     AC:  5    Str: 14    XL:     3   Next: 95%
Magic:  4/4        EV: 12    Int: 15    God:    Xom [..*...]
Gold:   52         SH:  4    Dex: 14    Spells: 4/4 levels left

rFire    . . .     SeeInvis .   a - +0 short sword (chaos)
rCold    . . .     Gourm    .   r - +0 buckler
rNeg     . . .     Faith    .   b - +2 leather armour
rPois    .         Spirit   .   (no helmet)
rElec    .         Reflect  .   (no cloak)
rCorr    .         Harm     .   (no gloves)
MR       .....                  (no boots)
Stlth    +.........             s - amulet of rage
HPRegen  0.11/turn              (no ring)
MPRegen  0.09/turn              (no ring)

@: no status effects
A: distributed training, fangs 1, strong nose
a: Renounce Religion, Evoke Berserk Rage


You were on level 2 of the Dungeon.
You worshipped Xom.
You were a toy of Xom.
You were not hungry.

You visited 1 branch of the dungeon, and saw 2 of its levels.

You collected 52 gold pieces.

Inventory:

Hand Weapons
 a - a +0 short sword of chaos (weapon)
Missiles
 d - 86 stones (quivered)
 e - 41 poisoned darts
 h - 45 sling bullets
 o - 30 arrows
Armour
 b - a +2 leather armour (worn)
 r - a +0 buckler (worn)
Jewellery
 s - an amulet of rage (around neck)
Scrolls
 f - a scroll of remove curse {unknown}
 k - a scroll of magic mapping {unknown}
 l - a scroll of fog {unknown}
 m - a scroll of identify {unknown}
 n - a scroll of teleportation {unknown}
Potions
 g - a potion of degeneration {unknown}
 i - a potion of resistance {unknown}
 j - a potion of heal wounds {unknown}
 q - a potion of curing {unknown}
Comestibles
 c - 4 rations
 p - 4 chunks of flesh


   Skills:
 + Level 6.5 Fighting
 + Level 6.5 Short Blades
 + Level 1.0 Long Blades
 + Level 1.0 Axes
 + Level 1.0 Maces & Flails
 + Level 1.0 Polearms
 + Level 1.0 Staves
 + Level 1.0 Slings
 + Level 1.0 Bows
 + Level 1.0 Crossbows
 + Level 1.0 Throwing
 + Level 4.6 Armour
 + Level 2.6 Dodging
 + Level 1.0 Stealth
 + Level 1.0 Shields
 + Level 1.0 Unarmed Combat
 + Level 1.0 Spellcasting
 + Level 0.7 Conjurations
 + Level 0.7 Hexes
 + Level 0.7 Charms
 + Level 0.7 Summonings
 + Level 0.7 Necromancy
 + Level 0.7 Translocations
 + Level 0.7 Transmutations
 + Level 0.7 Fire Magic
 + Level 0.7 Ice Magic
 + Level 0.7 Air Magic
 + Level 0.7 Earth Magic
 + Level 0.7 Poison Magic
 + Level 1.0 Invocations
 + Level 1.0 Evocations


You had 4 spell levels left.
You didn't know any spells.
Your spell library was empty.

Dungeon Overview and Level Annotations

Branches:
Dungeon (2/15)

Altars:
Okawaru


Innate Abilities, Weirdness & Mutations

Your experience applies equally to all skills.
You have very sharp teeth.
Your uncanny sense of smell can sniff out nearby items.


Message History

The glowing shapeshifter is heavily wounded.
You barely miss the glowing shapeshifter.
You bite the glowing shapeshifter, but do no damage.
The glowing shapeshifter is heavily wounded.
The glowing shapeshifter changes into a two-headed ogre!
You hit the two-headed ogre but do no damage.
Your bite misses the two-headed ogre.
The two-headed ogre changes into a deep troll!
You hit the deep troll but do no damage.
The deep troll seems to speed up.
You fail to use your ability.
The deep troll bites you! The deep troll closely misses you.
You block the deep troll's attack. The deep troll closely misses you.
The deep troll claws you!
* * * LOW HITPOINT WARNING * * *
The deep troll claws you.
* * * LOW HITPOINT WARNING * * *
The deep troll bites you!!
Ouch! That really hurt!
You die...
Xom roars with laughter!

########## #........# ###
#.##.....# ##.##
#.##.###.#####.#@#####
#.##.......รท).###T)..###########
#.##..##.#####.#.#.....).......#
#.##..##.# #.......#### #.#
#.##....[# #.#.....# #.#
#........# #.##...># #.#
###.....## #.. ....# #.# #.....#
### .### #.# #.....# .# #.#


You could see a deep troll shaped shifter.

Vanquished Creatures
  2 gnolls (D:2)
  A worm (D:2)
  A dart slug (D:1)
  A leopard gecko (D:2)
  A bat (D:1)
  2 giant cockroaches (D:1)
  5 goblins
  2 hobgoblins (D:1)
  2 frilled lizards (D:1)
  9 kobolds
  4 rats
30 creatures vanquished.

Notes
Turn   | Place    | Note
-------+----------+-------------------------------------------
     0 | D:1      | MisterFreud the Gnoll Chaos Knight began the quest for the
                  | Orb.
     0 | D:1      | Reached XP level 1. HP: 23/23 MP: 1/1
    82 | D:1      | Reached XP level 2. HP: 29/29 MP: 2/2
   263 | D:1      | XOM: harmless Summ miscast
   393 | D:1      | XOM: smoke on damage
   471 | D:1      | XOM: divination: magic mapping
   487 | D:1      | Found an iron altar of Okawaru.
   537 | D:1      | Reached XP level 3. HP: 35/35 MP: 3/3
   599 | D:1      | XOM: silly message
  1124 | D:2      | XOM: silly message
  1215 | D:2      | Reached skill level 1 in Invocations
  1218 | D:2      | Reached skill level 1 in Long Blades
  1218 | D:2      | Reached skill level 1 in Axes
  1218 | D:2      | Reached skill level 1 in Maces & Flails
  1218 | D:2      | Reached skill level 1 in Polearms
  1218 | D:2      | Reached skill level 1 in Staves
  1218 | D:2      | Reached skill level 1 in Slings
  1218 | D:2      | Reached skill level 1 in Bows
  1218 | D:2      | Reached skill level 1 in Crossbows
  1218 | D:2      | Reached skill level 1 in Throwing
  1218 | D:2      | Reached skill level 1 in Stealth
  1218 | D:2      | Reached skill level 1 in Shields
  1218 | D:2      | Reached skill level 1 in Unarmed Combat
  1218 | D:2      | Reached skill level 1 in Spellcasting
  1218 | D:2      | Reached skill level 1 in Evocations
  1268 | D:2      | Noticed a glowing shapeshifter
  1268 | D:2      | a gnoll changed into a glowing shapeshifter
  1269 | D:2      | Noticed a two-headed ogre
  1269 | D:2      | a glowing shapeshifter changed into a two-headed ogre
  1270 | D:2      | Noticed a deep troll
  1270 | D:2      | a two-headed ogre changed into a deep troll
  1273 | D:2      | Demolished by a deep troll (glowing shapeshifter)

Levels and vault maps discovered:
D:1:      dpeg_arrival_chambers_temple_mockup, layout_loops_ring,
          palyth_stone_intersect, minmay_strange_pillars,
          okawaru_ov_weapons_minmay
D:2:      layout_loops_corners

Skill      XL: |  1  2  3 |
---------------+----------+-----
Invocations    | 1 |  1.0
Long Blades    | 1 |  1.0
Axes           | 1 |  1.0
Maces & Flails | 1 |  1.0
Polearms       | 1 |  1.0
Staves         | 1 |  1.0
Slings         | 1 |  1.0
Bows           | 1 |  1.0
Crossbows      | 1 |  1.0
Throwing       | 1 |  1.0
Stealth        | 1 |  1.0
Shields        | 1 |  1.0
Unarmed Combat | 1 |  1.0
Spellcasting   | 1 |  1.0
Evocations     | 1 |  1.0
Fighting       | |  6.5
Short Blades   | |  6.5
Armour         | |  4.6
Dodging        | |  2.6
Conjurations   | |  0.7
Hexes          | |  0.7
Charms         | |  0.7
Summonings     | |  0.7
Necromancy     | |  0.7
Translocations | |  0.7
Transmutations | |  0.7
Fire Magic     | |  0.7
Ice Magic      | |  0.7
Air Magic      | |  0.7
Earth Magic    | |  0.7
Poison Magic   | |  0.7

Action                   || total
-------------------------++-------
Melee: Short sword       ||    77
       Bite              ||     5
 Abil: Evoke Berserk Rag ||     1
 Stab: Sleeping          ||     1
       Paralysed         ||     2
  Eat: Chunk             ||     2
Armor: Leather armour    ||     4
Dodge: Dodged            ||    38
Block: Buckler           ||     1

Table legend:
 A = Non-vault XP
 B = Vault XP
 C = Vault XP percentage of total XP
 D = Non-vault monster count
 E = Vault monster count
 F = Vault count percentage of total count
                 A         B        C        D         E       F
            +---------+---------+-------+---------+---------+-------
      Total |      80 |       0 |   0.0 |      30 |       0 |   0.0
            +---------+---------+-------+---------+---------+-------
        D:1 |      34 |       0 |   0.0 |      21 |       0 |   0.0
        D:2 |      46 |       0 |   0.0 |       9 |       0 |   0.0
            +---------+---------+-------+---------+---------+-------
